AoeStats
← paderbornml1998

Arabia

510732196Analyzed
2v2 RM · 1d ago on Oct 2, 2026· 51m 13s· 4 players
Game mode
Random Map
Map size
Medium (4 player)
Population
200
Speed
Normal
Resources
Standard
Victory
Conquest
Starting age
Dark Age
Ending age
Imperial Age
RankedLock teamsTeams togetherTeam positionsShared explorationLock speedFull tech treeHidden civsTurbo modeCheats
Victory
Defeat
🇩🇪 Franks · Germany
842
+31
🇩🇪 Khmer · Germany
810
+31
🇹🇷 Tatars · Türkiye
740
-12
🇷🇸 Byzantines · Serbia
723
-11
Seeker
11:57 Feudal Age
12:43 Double-Bit Axe
21:51 Castle Age
23:07 Wheelbarrow
22:28 Stone Mining
sir heisenberg
13:14 Feudal Age
14:15 Double-Bit Axe
16:27 Horse Collar
16:42 Gold Mining
17:45 Stone Mining
24:51 Castle Age
26:00 Bow Saw
25:53 Heavy Plow
26:54 Wheelbarrow
25:43 Crossbowman
25:46 Pikeman
26:27 Squires
26:52 Husbandry
28:20 Gold Shaft Mining
27:57 Elite Skirmisher
29:26 Hand Cart
30:16 Bloodlines
29:27 Light Cavalry
38:03 Ballistics
41:44 Imperial Age
chris_unterreithmeier
7:11 Loom
10:50 Feudal Age
11:24 Double-Bit Axe
19:04 Castle Age
20:39 Bow Saw
28:19 Scale Barding Armor
31:24 Imperial Age
29:24 Husbandry
29:47 Chain Barding Armor
30:17 Pikeman
32:13 Squires
33:01 Conscription
32:03 Halberdier
35:00 Capped Ram
40:40 Elite Throwing Axeman
45:40 Spies/Treason
paderbornml1998
11:58 Feudal Age
13:18 Wheelbarrow
12:33 Double-Bit Axe
12:31 Horse Collar
13:38 Gold Mining
18:56 Castle Age
20:53 Gold Shaft Mining
20:09 Stone Mining
20:24 Heavy Plow
20:36 Bow Saw
22:47 Stone Shaft Mining
27:49 Imperial Age
25:36 Hand Cart
25:53 Town Watch
26:11 Caravan
30:54 Cavalier
31:39 Murder Holes
31:53 Capped Ram
32:59 Scale Barding Armor
41:36 Coinage
43:46 Town Patrol
44:50 Elite Ballista Elephant
46:06 Hoardings
45:01 Sappers
45:32 Tusk Swords
45:33 Double Crossbow
45:53 Conscription
44:56 Spies/Treason
46:09 Conscription
45:49 Double Crossbow
45:50 Tusk Swords
45:21 Sappers
46:27 Hoardings
45:12 Elite Ballista Elephant
Connection lost

Rejoining the realm…

Still unreachable

The connection could not be restored.

Session expired

The server has moved on; the page needs a fresh start.